APP
OAKLAND (APP) ATHLETICS @ GREENEVILLE ASTROS
10/10/2048
 
TOP OF THE 1ST
Seattle (APP) Mariners batting - Pitching for Oakland (APP) Athletics : LHP Tadasumi Adachi
Pitching: LHP Tadasumi Adachi
Batting: LHB Humberto Herrada 0-0: Ball
1-0: Ground out 5-3 (Groundball, 5S, EV 85.0 MPH)
Batting: RHB Abel Gray 0-0: Foul Ball, location: 2F
0-1: Ball
1-1: Ball
2-1: SINGLE (Line Drive, 89M, EV 101.3 MPH)
Batting: LHB Griffin Fogle 0-0: Called Strike
0-1: Foul Ball, location: 2F
0-2: Fielders Choice at 2nd, 4-6 (Groundball, 4, EV 83.1 MPH)
Batting: RHB J.J. Phillips 0-0: Ball
1-0: Ball
2-0: Ground out 5-3 (Groundball, 56S, EV 68.1 MPH)
Top of the 1st over - 0 runs, 1 hit, 0 errors, 1 left on base; Seattle (APP) 0 - Oakland (APP) 0
BOTTOM OF THE 1ST
Oakland (APP) Athletics batting - Pitching for Seattle (APP) Mariners : LHP Franklin Arredondo
Pitching: LHP Franklin Arredondo
Batting: RHB Danny Murillo 0-0: Ground out 5-3 (Groundball, 56, EV 103.8 MPH)
Batting: LHB Dave Talbert 0-0: Called Strike
0-1: Foul Ball, location: 2F
0-2: Ball
1-2: Ball
2-2: Reached via error on a dropped throw from 3B, E3 (Groundball, 56, EV 83.8 MPH)
Batting: RHB Stu Rancourt 0-0: Ball
1-0: Called Strike
1-1: SINGLE (Groundball, 56D, EV 99.4 MPH)
Dave Talbert to second
Batting: LHB Koson Hirai 0-0: Foul Ball, location: 2F
0-1: Ball
1-1: Ball
2-1: SINGLE (Groundball, 25, EV 62.5 MPH) (infield hit)
Dave Talbert to third
Stu Rancourt to second
Batting: RHB Javier Garcia 0-0: Called Strike
0-1: SINGLE (Line Drive, 6D, EV 96.9 MPH)
Dave Talbert scores
Stu Rancourt to third
Koson Hirai to second
Batting: LHB Yoshinari Nara 0-0: Ball
1-0: Foul Ball, location: 2F
1-1: Called Strike
1-2: Ball
2-2: Fly out, F2 (Popup, 23F, EV 90.0 MPH)
Batting: RHB Omar Quintana 0-0: Called Strike
0-1: Foul Ball, location: 2F
0-2: Ground out 2-3 (Groundball, 2L, EV 68.1 MPH)
Bottom of the 1st over - 1 run, 3 hits, 1 error, 3 left on base; Seattle (APP) 0 - Oakland (APP) 1
TOP OF THE 2ND
Seattle (APP) Mariners batting - Pitching for Oakland (APP) Athletics : LHP Tadasumi Adachi
Batting: RHB Corey Davis 0-0: Ball
1-0: Swinging Strike
1-1: Ball
2-1: Ball
3-1: Called Strike
3-2: Foul Ball, location: 2F
3-2: Foul Ball, location: 2F
3-2: SINGLE (Groundball, 34D, EV 100.6 MPH)
Batting: RHB Manny Santos 0-0: Ball
1-0: Ball
Passed Ball!
Corey Davis to second
2-0: Ball
3-0: Called Strike
3-1: Base on Balls
Batting: LHB Joe Thompson 0-0: Called Strike
0-1: Fielders Choice at 2nd, 5-4 (Groundball, 56S, EV 83.8 MPH)
Corey Davis to third
Batting: RHB David Knox 0-0: Swinging Strike
0-1: Ball
1-1: Called Strike
1-2: Ball
2-2: Strikes out swinging
Batting: RHB Evan Bohringer 0-0: Foul Ball, location: 2F
0-1: Ball
1-1: Called Strike
1-2: Foul Ball, location: 2F
1-2: Foul Ball, location: 2F
1-2: Ground out 4-3 (Groundball, 4, EV 84.4 MPH)
Top of the 2nd over - 0 runs, 1 hit, 0 errors, 2 left on base; Seattle (APP) 0 - Oakland (APP) 1
BOTTOM OF THE 2ND
Oakland (APP) Athletics batting - Pitching for Seattle (APP) Mariners : LHP Franklin Arredondo
Batting: LHB Clyde Saxton 0-0: Ball
1-0: Ball
2-0: Fly out, F7 (Flyball, 7D, EV 91.3 MPH)
Batting: LHB Robert Ibarra 0-0: Ball
1-0: DOUBLE (Groundball, 3L, EV 108.8 MPH)
Batting: RHB Danny Murillo 0-0: Called Strike
0-1: Foul Ball, location: 2F
0-2: Ball
1-2: Ball
2-2: SINGLE (Line Drive, 9S, EV 105.6 MPH)
Robert Ibarra to third
Runner from 3rd tries for Home, SAFE, throw by RF to home
Batting: LHB Dave Talbert 0-0: Called Strike
0-1: Ball
1-1: Ball
2-1: Called Strike
2-2: Ground out 6-3 (Groundball, 6S, EV 72.5 MPH)
Danny Murillo to second
Batting: RHB Stu Rancourt 0-0: Called Strike
0-1: Ball
1-1: Ball
2-1: Ball
3-1: Base on Balls
Batting: LHB Koson Hirai 0-0: Ball
1-0: Fielders Choice at 2nd, 6-4 (Groundball, 56, EV 98.1 MPH)
Bottom of the 2nd over - 1 run, 2 hits, 0 errors, 2 left on base; Seattle (APP) 0 - Oakland (APP) 2
TOP OF THE 3RD
Seattle (APP) Mariners batting - Pitching for Oakland (APP) Athletics : LHP Tadasumi Adachi
Batting: LHB Humberto Herrada 0-0: Ball
1-0: Ground out 4-3 (Groundball, 4, EV 85.0 MPH)
Batting: RHB Abel Gray 0-0: Swinging Strike
0-1: Foul Ball, location: 2F
0-2: Foul Ball, location: 2F
0-2: Strikes out looking
Batting: LHB Griffin Fogle 0-0: SINGLE (Line Drive, 89S, EV 103.1 MPH)
Batting: RHB J.J. Phillips 0-0: Ball
1-0: Called Strike
1-1: Called Strike
1-2: Strikes out looking
Top of the 3rd over - 0 runs, 1 hit, 0 errors, 1 left on base; Seattle (APP) 0 - Oakland (APP) 2
BOTTOM OF THE 3RD
Oakland (APP) Athletics batting - Pitching for Seattle (APP) Mariners : LHP Franklin Arredondo
Batting: RHB Javier Garcia 0-0: Ball
1-0: Called Strike
1-1: Ball
2-1: Ball
3-1: Base on Balls
Batting: LHB Yoshinari Nara 0-0: Foul Ball, location: 2F
0-1: Foul Ball, location: 2F
0-2: Ball
1-2: Fielders Choice at 2nd, 3-6 (Groundball, 34, EV 90.0 MPH)
Batting: RHB Omar Quintana 0-0: Called Strike
0-1: Called Strike
0-2: Ball
1-2: Strikes out swinging
Batting: LHB Clyde Saxton 0-0: Ball
Yoshinari Nara steals 2nd base
1-0: Called Strike
1-1: Ball
Passed Ball!
Yoshinari Nara to third
2-1: Ball
3-1: DOUBLE (Line Drive, 5D, EV 99.4 MPH)
Yoshinari Nara scores
Batting: LHB Robert Ibarra 0-0: Foul Ball, location: 2F
0-1: Foul Ball, location: 2F
0-2: Ball
1-2: Ball
2-2: Ball
3-2: SINGLE (Groundball, 34D, EV 101.9 MPH)
Clyde Saxton to third
Clyde Saxton scores
Batting: RHB Danny Murillo 0-0: Ball
1-0: Foul Ball, location: 2F
1-1: Swinging Strike
1-2: Foul Ball, location: 2F
1-2: Fielders Choice at 2nd, 6-4 (Groundball, 6, EV 88.1 MPH)
Bottom of the 3rd over - 2 runs, 2 hits, 0 errors, 1 left on base; Seattle (APP) 0 - Oakland (APP) 4
TOP OF THE 4TH
Seattle (APP) Mariners batting - Pitching for Oakland (APP) Athletics : LHP Tadasumi Adachi
Batting: RHB Corey Davis 0-0: Ball
1-0: Swinging Strike
1-1: Ball
2-1: Foul Ball, location: 2F
2-2: Foul Ball, location: 2F
2-2: SINGLE (Groundball, 56D, EV 99.4 MPH)
Batting: RHB Manny Santos 0-0: Foul Ball, location: 2F
0-1: Fly out, F7 (Line Drive, 7LM, EV 99.4 MPH)
Batting: LHB Joe Thompson 0-0: Called Strike
0-1: SINGLE (Groundball, 34D, EV 99.4 MPH)
Corey Davis to second
Runner from 2nd tries for 3rd, SAFE, throw by RF made to third
Batting: RHB David Knox 0-0: Called Strike
0-1: Ball
1-1: SINGLE (Groundball, 56, EV 100.6 MPH)
Corey Davis scores
Joe Thompson to second
Batting: RHB Evan Bohringer 0-0: Called Strike
0-1: Fly out, F3 (Line Drive, 3, EV 76.3 MPH)
Lined into DP, 3-6 (Line Drive, 3, EV 75.6 MPH)
Top of the 4th over - 1 run, 3 hits, 0 errors, 1 left on base; Seattle (APP) 1 - Oakland (APP) 4
BOTTOM OF THE 4TH
Oakland (APP) Athletics batting - Pitching for Seattle (APP) Mariners : LHP Franklin Arredondo
Batting: LHB Dave Talbert 0-0: Ball
1-0: Called Strike
1-1: Foul Ball, location: 2F
1-2: SOLO HOME RUN (Flyball, 89XD, EV 111.9 MPH), Distance : 391 ft
Pitching: RHP Oscar Godinez
Batting: RHB Stu Rancourt 0-0: Called Strike
0-1: Ball
1-1: Foul Ball, location: 2F
1-2: Fly out, F9 (Flyball, 9D, EV 95.6 MPH)
Batting: LHB Koson Hirai 0-0: Ball
1-0: Ball
2-0: Ball
3-0: Called Strike
3-1: Called Strike
3-2: SINGLE (Line Drive, 89M, EV 108.8 MPH)
Batting: RHB Javier Garcia 0-0: Ball
1-0: Ball
Koson Hirai steals 2nd base
2-0: Fly out, F8 (Flyball, 8LS, EV 88.8 MPH)
Batting: LHB Yoshinari Nara 0-0: Foul Ball, location: 2F
0-1: Ball
1-1: Ball
2-1: Swinging Strike
2-2: Strikes out swinging
Bottom of the 4th over - 1 run, 2 hits, 0 errors, 1 left on base; Seattle (APP) 1 - Oakland (APP) 5
TOP OF THE 5TH
Seattle (APP) Mariners batting - Pitching for Oakland (APP) Athletics : LHP Tadasumi Adachi
Batting: LHB Humberto Herrada 0-0: Called Strike
0-1: Ball
1-1: Fly out, F9 (Flyball, 89D, EV 97.5 MPH)
Batting: RHB Abel Gray 0-0: Called Strike
0-1: Ball
1-1: Swinging Strike
1-2: Foul Ball, location: 2F
1-2: Ball
2-2: Ball
3-2: Foul Ball, location: 2F
3-2: Strikes out swinging
Batting: LHB Griffin Fogle 0-0: Ball
1-0: Foul Ball, location: 2F
1-1: Swinging Strike
1-2: Ground out 4-3 (Groundball, 4M, EV 95.0 MPH)
Top of the 5th over - 0 runs, 0 hits, 0 errors, 0 left on base; Seattle (APP) 1 - Oakland (APP) 5
BOTTOM OF THE 5TH
Oakland (APP) Athletics batting - Pitching for Seattle (APP) Mariners : RHP Oscar Godinez
Batting: RHB Omar Quintana 0-0: Foul Ball, location: 2F
0-1: Called Strike
0-2: Strikes out looking
Batting: LHB Clyde Saxton 0-0: Ball
1-0: Foul Ball, location: 2F
1-1: SINGLE (Groundball, 3, EV 108.1 MPH) (infield hit)
Batting: LHB Robert Ibarra 0-0: Foul Ball, location: 2F
0-1: Called Strike
0-2: Ball
1-2: Ball
2-2: Ball
3-2: Foul Ball, location: 2F
3-2: Base on Balls
Clyde Saxton to second
Batting: RHB Danny Murillo 0-0: Ball
1-0: Ball
2-0: Called Strike
Clyde Saxton steals 3rd base
Robert Ibarra to second
2-1: Ball
3-1: DOUBLE (Line Drive, 9LM, EV 100.0 MPH)
Clyde Saxton scores
Robert Ibarra scores
Batting: LHB Dave Talbert 0-0: Called Strike
0-1: Fly out, F3 (Line Drive, 3, EV 68.8 MPH)
Batting: RHB Stu Rancourt 0-0: Ball
1-0: Swinging Strike
1-1: Swinging Strike
1-2: 2-RUN HOME RUN (Line Drive, 78XD, EV 102.5 MPH), Distance : 427 ft
Batting: LHB Koson Hirai 0-0: Foul Ball, location: 2F
0-1: Ball
1-1: Ball
2-1: Ball
3-1: DOUBLE (Flyball, 89XD, EV 97.5 MPH)
Batting: RHB Javier Garcia 0-0: Ball
1-0: Ball
2-0: Ball
3-0: Base on Balls
Batting: LHB Yoshinari Nara 0-0: Ball
1-0: SINGLE (Flyball, 7LS, EV 98.8 MPH)
Koson Hirai to third
Javier Garcia to second
Runner from 3rd tries for Home, SAFE, no throw by LF
Pitching: LHP Raul Navarrete
Batting: RHB Omar Quintana 0-0: Ball
1-0: Foul Ball, location: 2F
1-1: Ball
2-1: Ball
3-1: Called Strike
3-2: SINGLE (Flyball, 7LM, EV 96.9 MPH)
Javier Garcia to third
Yoshinari Nara to second
Javier Garcia scores
Yoshinari Nara to third
Batting: LHB Clyde Saxton 0-0: Ball
1-0: Foul Ball, location: 2F
1-1: Ball
2-1: Ball
3-1: Called Strike
3-2: Base on Balls
Omar Quintana to second
Batting: LHB Robert Ibarra 0-0: Swinging Strike
0-1: Called Strike
0-2: Foul Ball, location: 2F
0-2: Strikes out swinging
Bottom of the 5th over - 6 runs, 6 hits, 0 errors, 3 left on base; Seattle (APP) 1 - Oakland (APP) 11
TOP OF THE 6TH
Seattle (APP) Mariners batting - Pitching for Oakland (APP) Athletics : LHP Tadasumi Adachi
Batting: RHB J.J. Phillips 0-0: Foul Ball, location: 2F
0-1: Called Strike
0-2: SINGLE (Line Drive, 34D, EV 101.3 MPH)
Batting: RHB Corey Davis 0-0: Called Strike
0-1: Called Strike
0-2: Ball
1-2: Fly out, F7 (Flyball, 7LM, EV 101.9 MPH)
Batting: RHB Manny Santos 0-0: Swinging Strike
0-1: Ball
1-1: Foul Ball, location: 2F
1-2: Strikes out swinging
Batting: LHB Joe Thompson 0-0: Ball
1-0: Swinging Strike
1-1: Ball
2-1: Fielders Choice at 2nd, 6-4 (Groundball, 6, EV 92.5 MPH)
Top of the 6th over - 0 runs, 1 hit, 0 errors, 1 left on base; Seattle (APP) 1 - Oakland (APP) 11
BOTTOM OF THE 6TH
Oakland (APP) Athletics batting - Pitching for Seattle (APP) Mariners : LHP Raul Navarrete
Batting: RHB Danny Murillo 0-0: Ball
1-0: Ball
2-0: Ball
3-0: Called Strike
3-1: Fly out, F7 (Flyball, 7, EV 83.8 MPH)
Batting: LHB Dave Talbert 0-0: Called Strike
0-1: Ball
1-1: Swinging Strike
1-2: Strikes out swinging
Batting: RHB Stu Rancourt 0-0: Swinging Strike
0-1: Foul Ball, location: 2F
0-2: Foul Ball, location: 2F
0-2: Fly out, F8 (Line Drive, 8RM, EV 104.4 MPH)
Bottom of the 6th over - 0 runs, 0 hits, 0 errors, 0 left on base; Seattle (APP) 1 - Oakland (APP) 11
TOP OF THE 7TH
Seattle (APP) Mariners batting - Pitching for Oakland (APP) Athletics : LHP Tadasumi Adachi
Pitching: RHP Willie Valle
Batting: RHB David Knox 0-0: Called Strike
0-1: Called Strike
0-2: Ball
1-2: Foul Ball, location: 2F
1-2: Ball
2-2: Strikes out swinging
Batting: RHB Evan Bohringer 0-0: Ball
1-0: Ball
2-0: Ball
3-0: Called Strike
3-1: Ground out 4-3 (Groundball, 4, EV 85.6 MPH)
Batting: LHB Humberto Herrada 0-0: Foul Ball, location: 2F
0-1: Foul Ball, location: 2F
0-2: Ball
1-2: Ball
2-2: Strikes out looking
Top of the 7th over - 0 runs, 0 hits, 0 errors, 0 left on base; Seattle (APP) 1 - Oakland (APP) 11
BOTTOM OF THE 7TH
Oakland (APP) Athletics batting - Pitching for Seattle (APP) Mariners : LHP Raul Navarrete
Batting: LHB Koson Hirai 0-0: Ball
1-0: Ground out U3 (Groundball, 34, EV 80.0 MPH)
Batting: RHB Javier Garcia 0-0: DOUBLE (Line Drive, 9LD, EV 100.6 MPH)
Batting: LHB Yoshinari Nara 0-0: Ball
1-0: Foul Ball, location: 2F
1-1: Ball
2-1: Ball
3-1: Called Strike
3-2: Base on Balls
Batting: RHB Omar Quintana 0-0: Ball
1-0: SINGLE (Line Drive, 89M, EV 95.0 MPH)
Javier Garcia to third
Yoshinari Nara to second
Runner from 3rd tries for Home, SAFE, throw by CF to home
Batting: LHB Clyde Saxton 0-0: Ball
1-0: Ball
2-0: Hit by Pitch
Yoshinari Nara to third
Omar Quintana to second
Batting: LHB Robert Ibarra 0-0: Called Strike
0-1: SINGLE (Line Drive, 78S, EV 106.9 MPH)
Yoshinari Nara scores
Omar Quintana to third
Clyde Saxton to second
Pitching: RHP Bertrand Kamoga
Batting: RHB Danny Murillo 0-0: Ball
1-0: Foul Ball, location: 2F
1-1: Ball
2-1: Ball
3-1: Base on Balls
Omar Quintana scores
Clyde Saxton to third
Robert Ibarra to second
Pinch Hitting: RHB Fu-quan Xiang 0-0: Ball
1-0: Swinging Strike
1-1: Ball
2-1: Foul Ball, location: 2F
2-2: Ball
3-2: Foul Ball, location: 2F
3-2: Fly out, F9 (Flyball, 9S, EV 92.5 MPH)
Batting: RHB Stu Rancourt 0-0: Ball
1-0: Ball
2-0: Swinging Strike
2-1: Fly out, F8 (Line Drive, 8RM, EV 97.5 MPH)
Bottom of the 7th over - 3 runs, 3 hits, 0 errors, 3 left on base; Seattle (APP) 1 - Oakland (APP) 14
TOP OF THE 8TH
Seattle (APP) Mariners batting - Pitching for Oakland (APP) Athletics : RHP Willie Valle
Now at 1B: Whip Leduc
Pinch Hitting: RHB Gary Paradis 0-0: Called Strike
0-1: Ball
1-1: Called Strike
1-2: Strikes out swinging
Batting: LHB Griffin Fogle 0-0: Called Strike
0-1: Ball
1-1: Foul Ball, location: 2F
1-2: Foul Ball, location: 2F
1-2: Ground out 6-3 (Groundball, 6, EV 110.6 MPH)
Batting: RHB J.J. Phillips 0-0: Ball
1-0: Foul Ball, location: 2F
1-1: Swinging Strike
1-2: Foul Ball, location: 2F
1-2: Strikes out swinging
Top of the 8th over - 0 runs, 0 hits, 0 errors, 0 left on base; Seattle (APP) 1 - Oakland (APP) 14
BOTTOM OF THE 8TH
Oakland (APP) Athletics batting - Pitching for Seattle (APP) Mariners : RHP Bertrand Kamoga
Now at 2B: Gary Paradis
Batting: LHB Koson Hirai 0-0: Ball
1-0: SINGLE (Flyball, 7LS, EV 98.8 MPH)
Batting: RHB Javier Garcia 0-0: Ball
1-0: SINGLE (Groundball, 15S, EV 71.9 MPH) (infield hit)
Koson Hirai to second
Batting: LHB Yoshinari Nara 0-0: Ball
1-0: Ball
2-0: Ball
3-0: Called Strike
3-1: Base on Balls
Koson Hirai to third
Javier Garcia to second
Batting: RHB Omar Quintana 0-0: Called Strike
0-1: Ball
1-1: Swinging Strike
1-2: Foul Ball, location: 2F
1-2: Ball
2-2: Strikes out swinging
Batting: LHB Clyde Saxton 0-0: Swinging Strike
0-1: Swinging Strike
0-2: Ball
1-2: Strikes out looking
Batting: LHB Robert Ibarra 0-0: Called Strike
0-1: Ball
1-1: Ball
2-1: Called Strike
2-2: Ground out 4-3 (Groundball, 4, EV 105.6 MPH)
Bottom of the 8th over - 0 runs, 2 hits, 0 errors, 3 left on base; Seattle (APP) 1 - Oakland (APP) 14
TOP OF THE 9TH
Seattle (APP) Mariners batting - Pitching for Oakland (APP) Athletics : RHP Willie Valle
Batting: RHB Corey Davis 0-0: Ball
1-0: Foul Ball, location: 2F
1-1: Swinging Strike
1-2: Strikes out swinging
Batting: RHB Manny Santos 0-0: Ball
1-0: Foul Ball, location: 2F
1-1: Foul Ball, location: 2F
1-2: Strikes out swinging
Batting: LHB Joe Thompson 0-0: Swinging Strike
0-1: Ball
1-1: Swinging Strike
1-2: Foul Ball, location: 2F
1-2: Foul Ball, location: 2F
1-2: Foul Ball, location: 2F
1-2: Strikes out swinging
Top of the 9th over - 0 runs, 0 hits, 0 errors, 0 left on base; Seattle (APP) 1 - Oakland (APP) 14
Tuesday, March 28th , 2023 - OOTP Baseball 23.10 Build 110